 Dungeon Crawl Stone Soup version 0.18.1-8-gdd0e5ea (webtiles) character file.

5488 pipel the Grappler (level 10, -1/100 HPs)
             Began as a Troll Monk on May 22, 2016.
             Was a Believer of Cheibriados.
             Killed from afar by Psyche (16 damage)
             ... with a wand of lightning
             ... on level 8 of the Dungeon.
             The game lasted 00:13:29 (5638 turns).

pipel the Grappler (Troll Monk)                     Turns: 5638, Time: 00:13:30

Health: -1/100     AC:  7    Str: 28    XL:     10   Next: 42%
Magic:  9/9        EV: 15    Int: 12    God:    Cheibriados [**....]
Gold:   260        SH:  0    Dex: 16    Spells: 0 memorised, 9 levels left

rFire  . . .     SeeInvis .       - Unarmed
rCold  . . .     Gourm    +     M - +2 robe {MR+}
rNeg   . . .     Faith    .     (no shield)
rPois  +         Spirit   .     (helmet restricted)
rElec  .         Dismiss  .     (no cloak)
rCorr  +         Reflect  .     (gloves unavailable)
SustAt .         Harm     .     (boots unavailable)
MR     +....                    (no amulet)
Stlth  ++........               H - ring of resist corrosion
                                F - ring "Nexecel" {rPois Int+2}

@: very slow, somewhat resistant to hostile enchantments, unstealthy
A: unfitting armour, claws 3, fast metabolism 3, gourmand, regeneration 2,
shaggy fur 1, tough skin 2
a: Bend Time, Renounce Religion


You were on level 8 of the Dungeon.
You worshipped Cheibriados.
Cheibriados was pleased with you.
You were completely stuffed.

You visited 2 branches of the dungeon, and saw 9 of its levels.
You also visited: Sewer and Ossuary.

You collected 260 gold pieces.

Inventory:

Hand Weapons
 B - a +0 blowgun
 G - the cursed +2 trident "Sarcophage" {pierce, -Tele +Inv rC- Str+6, unknown}
   (You found it on level 5 of the Dungeon)

   It inflicts extra damage upon your enemies.
   It affects your strength (+6).
   It makes you vulnerable to cold.
   It lets you turn invisible.
   It prevents most forms of teleportation.
   It has a curse placed upon it.
Missiles
 f - 133 stones (quivered)
 i - 41 poisoned needles
 j - 3 tomahawks
 y - 8 needles of paralysis
Armour
 a - a +0 robe
 M - a +2 robe of magic resistance (worn)
Jewellery
 F - the ring "Nexecel" (left claw) {rPois Int+2}
   (You found it on level 5 of the Dungeon)

   [ring of poison resistance]

   It affects your intelligence (+2).
   It protects you from poison.
 H - a ring of resist corrosion (right claw)
Scrolls
 d - 5 scrolls of fear {unknown}
 g - 5 scrolls of fog {unknown}
 l - 2 scrolls of magic mapping {unknown}
 m - 2 scrolls of enchant armour {unknown}
 o - 2 scrolls of noise {unknown}
 r - 3 scrolls of teleportation {unknown}
 t - a scroll of enchant weapon {unknown}
 u - 6 scrolls of identify
 v - 4 scrolls of remove curse {unknown}
 w - a scroll of recharging {unknown}
 x - 2 scrolls of amnesia {unknown}
Potions
 c - 2 potions of heal wounds
 e - 6 potions of curing
 h - 2 potions of magic {unknown}
 k - a potion of resistance {unknown}
 n - 6 potions of haste {unknown}
 q - 3 potions of might {unknown}
 s - a potion of cure mutation {unknown}
 A - 4 potions of flight {unknown}
 C - a potion of invisibility {unknown}
 D - a potion of agility {unknown}
 I - a potion of beneficial mutation {unknown}
 J - a potion of mutation {unknown}
 K - 3 potions of ambrosia {unknown}
Books
 z - a book of Summonings

   Spells                             Type                      Level
   a - Recall                         Summoning/Translocation      3
   b - Aura of Abjuration             Summoning                    5
   c - Summon Demon                   Summoning                    5
   d - Summon Forest                  Summoning/Translocation      5
   e - Summon Mana Viper              Hexes/Summoning              5
   f - Shadow Creatures               Summoning                    6
 E - a book of Transfigurations

   Spells                             Type                      Level
   a - Irradiate                      Conjuration/Transmutation    5
   b - Statue Form                    Transmutation/Earth          6
   c - Hydra Form                     Transmutation                6
   d - Dragon Form                    Transmutation                7
Comestibles
 b - 8 bread rations
 p - 5 meat rations


   Skills:
 + Level 6.6 Fighting
 + Level 1.1 Throwing
 + Level 8.3 Dodging
 - Level 3.0 Stealth
 + Level 9.9 Unarmed Combat


You had 9 spell levels left.
You didn't know any spells.

Dungeon Overview and Level Annotations

Branches:
Dungeon (8/15)             Temple (1/1) D:4
   Lair: D:8-11

Altars:
Ashenzari
Cheibriados
Dithmenos
Elyvilon
Fedhas
Gozag
Kikubaaqudgha
Makhleb
Nemelex Xobeh
Okawaru
Pakellas
Qazlal
Ru
Sif Muna
Trog
Vehumet
Xom
Yredelemnul
Zin
The Shining One

Annotations:
D:8 Psyche


Innate Abilities, Weirdness & Mutations

You are too large for most types of armour.
You have claws for hands.
Your metabolism is lightning-fast.
You like to eat raw meat.
You heal very quickly.
You are covered in fur (AC +1).
You have very tough skin (AC +2).


Message History

Psyche zaps a wand.
The bolt of lightning misses you.
Psyche zaps a wand.
The bolt of lightning misses you.
Psyche zaps a wand.
The bolt of lightning hits you! Psyche hits you but does no damage.
Space warps horribly around you!
* * * LOW HITPOINT WARNING * * *
You take 22 damage, and have 17/100 hp.
MASSIVE DAMAGE!!
Unknown command.
You completely miss Psyche.
Psyche is moderately wounded.
Psyche looks braver for a moment.
Psyche zaps a wand.
The bolt of lightning misses you.
You claw Psyche! You claw Psyche, but do no damage.
Psyche is heavily wounded.
Psyche barely misses you.
You claw Psyche!
Psyche is almost dead.
Psyche hits you but does no damage. Space bends around you.
* * * LOW HITPOINT WARNING * * *
Psyche zaps a wand.
The bolt of lightning hits you!
You die...

..####..<...######
.. #......#....# .
#......#....#
+......#....#
#......'....#
#......#...## #
#....#####...###.##
#....# +.........#
#....+ #...@@....#
#.... #..(......+
#... ##..#######
#.(# #.... #...(.
?.##### ##. #.


You could see Psyche.

Vanquished Creatures
  Erica (D:8)
  The ghost of skk the Shield-Bearer, a novice GrFi (Ossuary)
  A kobold demonologist (Sewer)
  The ghost of mistymad the Ruffian, an amateur NaTm (D:4)
  Prince Ribbit (D:6)
  The ghost of imganon the Chopper, an amateur DsBe of Trog (D:5)
  Grinder (Sewer)
  A spriggan (D:7)
  2 hippogriffs
  The ghost of Sl000nik the Skirmisher, an amateur GrFi (Sewer)
  An orc warrior (D:8)
  2 ice beasts (D:7)
  A phantom (D:8)
  A necrophage (D:7)
  3 centaurs
  An ogre (D:6)
  Blork the orc (D:6)
  A big kobold (Sewer)
  2 giant frogs
  A wyvern zombie (D:6)
  4 water moccasin zombies (Ossuary)
  A scorpion (D:8)
  6 wights
  4 howler monkeys
  4 crimson imps
  A quasit (D:6)
  4 orc priests
  6 hounds
  7 orc wizards
  A giant frog skeleton (D:6)
  2 iguanas (D:4)
  Terence (D:2)
  A worker ant (D:5)
  7 big kobold zombies
  A hound zombie (D:5)
  2 mummies (Ossuary)
  4 gnolls
  5 adders
  3 shadow imps
  2 ufetubi (Sewer)
  An ooze (Sewer)
  6 adder zombies
  An adder skeleton (D:8)
  2 worms (D:4)
  A dart slug (D:1)
  5 giant geckos
  21 orcs
  11 giant cockroaches
  2 gnoll zombies (Ossuary)
  3 goblins
  7 hobgoblins
  4 jackals
  24 kobolds
  6 quokkas
  3 bats
  A giant gecko skeleton (D:4)
  5 giant newts
  3 hobgoblin zombies (Ossuary)
  6 kobold zombies
  6 orc zombies (Ossuary)
  5 rats
214 creatures vanquished.

Vanquished Creatures (others)
  An ooze (Sewer)
  A kobold zombie (Sewer)
2 creatures vanquished.

Grand Total: 216 creatures vanquished

Notes
Turn   | Place    | Note
--------------------------------------------------------------
     0 | D:1      | pipel the Troll Monk began the quest for the Orb.
     0 | D:1      | Reached XP level 1. HP: 22/22 MP: 0/0
   124 | D:1      | Reached XP level 2. HP: 29/29 MP: 1/1
   247 | D:2      | Noticed Terence
   254 | D:2      | Killed Terence
   254 | D:2      | Reached XP level 3. HP: 27/36 MP: 2/2
   331 | D:2      | Reached XP level 4. HP: 18/44 MP: 3/3
   774 | D:3      | Reached skill level 5 in Unarmed Combat
   941 | D:2      | Reached XP level 5. HP: 35/53 MP: 4/4
   969 | D:3      | HP: 1/53 [wight/spear of freezing (2)]
  1307 | D:4      | Noticed mistymad's ghost (amateur NaTm)
  1323 | D:4      | Reached skill level 1 in Throwing
  1323 | D:4      | Reached XP level 6. HP: 53/61 MP: 5/5
  1587 | D:4      | Killed mistymad's ghost
  1587 | D:4      | Reached XP level 7. HP: 31/70 MP: 6/6
  1588 | D:4      | Reached skill level 5 in Dodging
  1706 | D:4      | Found a glowing drain.
  1715 | Sewer    | Entered a sewer
  1816 | Sewer    | Noticed Sl000nik's ghost (amateur GrFi)
  1831 | Sewer    | Killed Sl000nik's ghost
  1831 | Sewer    | Reached skill level 6 in Unarmed Combat
  1941 | Sewer    | Found a burning altar of Makhleb.
  1964 | Sewer    | Noticed Grinder
  1966 | Sewer    | Paralysed by Grinder for 3 turns
  1975 | Sewer    | Killed Grinder
  1975 | Sewer    | Reached XP level 8. HP: 36/79 MP: 7/7
  2092 | Sewer    | Noticed an apprentice kobold demonologist
  2102 | Sewer    | Killed an apprentice kobold demonologist
  2452 | D:4      | Found a burning altar of Makhleb.
  2551 | D:4      | Found a staircase to the Ecumenical Temple.
  2638 | Temple   | Entered the Ecumenical Temple
  2876 | D:5      | Entered Level 5 of the Dungeon
  2993 | D:5      | Reached skill level 5 in Fighting
  3033 | D:5      | Reached skill level 7 in Unarmed Combat
  3173 | D:5      | Got a bound amber ring
  3179 | D:5      | Identified the ring "Nexecel" {rPois Int+2} (You found it on level 5 of the Dungeon)
  3258 | D:5      | Noticed imganon's ghost (amateur DsBe)
  3270 | D:5      | Killed imganon's ghost
  3356 | D:5      | Got a transparent trident
  3370 | D:5      | Reached XP level 9. HP: 76/88 MP: 8/8
  3379 | D:5      | Found an oddly glowing altar of Pakellas.
  3739 | D:6      | Found a sand-covered staircase.
  3748 | Ossuary  | Entered an ossuary
  3748 | Ossuary  | Noticed skk's ghost (novice GrFi)
  3768 | Ossuary  | Reached skill level 8 in Unarmed Combat
  3893 | Ossuary  | Killed skk's ghost
  4023 | D:6      | Noticed Blork the orc
  4033 | D:6      | Killed Blork the orc
  4215 | D:6      | Found a deep blue altar of Sif Muna.
  4286 | D:6      | Noticed Prince Ribbit
  4301 | D:6      | Killed Prince Ribbit
  4560 | D:7      | Reached skill level 9 in Unarmed Combat
  4740 | D:7      | Reached XP level 10. HP: 92/98 MP: 9/9
  5112 | D:8      | Noticed Erica
  5125 | D:8      | Killed Erica
  5482 | Temple   | Became a worshipper of Cheibriados the Contemplative
  5482 | Temple   | Reached * piety under Cheibriados
  5482 | Temple   | Reached ** piety under Cheibriados
  5626 | D:8      | Noticed Psyche
  5638 | D:8      | Killed from afar by Psyche

Skill      XL: |  1  2  3  4  5  6  7  8  9 10 |
---------------+-------------------------------+-----
Dodging        | 3 4 5 6 7 8 |  8.3
Fighting       | 3 4 5 6 |  6.6
Unarmed Combat | 5 6 7 9 |  9.9
Throwing       | 1 |  1.1
Stealth        | 2 3 |  3.0

Action                   |  1- 3 |  4- 6 |  7- 9 | 10-12 || total
-------------------------+-------+-------+-------+-------++-------
Melee: Unarmed           |    40 |   158 |   416 |    63 ||   677
       Punch             |       |     4 |    14 |     2 ||    20
Throw: Stone             |     3 |     9 |       |     3 ||    15
  Use: Scroll            |       |     1 |       |       ||     1
       Potion            |       |     1 |     1 |       ||     2
 Stab: Sleeping          |     1 |       |     8 |     2 ||    11
       Distracted        |       |       |     1 |       ||     1
  Eat: Chunk             |     5 |    15 |    30 |     7 ||    57
Armor: Robe              |    20 |    54 |    91 |     7 ||   172
Dodge: Dodged            |    18 |   111 |   216 |    34 ||   379
